AoeStats
← Grospoilu

Arabia

508414756Analyzed
1v1 RM · 10d ago on Sep 22, 2026· 46m 46s· 2 players
Game mode
Random Map
Map size
Tiny (2 player)
Population
200
Speed
Normal
Resources
Standard
Victory
Conquest
Starting age
Dark Age
Ending age
Imperial Age
RankedLock teamsTeams togetherTeam positionsShared explorationLock speedFull tech treeHidden civsTurbo modeCheats
Victory
Defeat
🇦🇷 Magyars · Argentina
1134
+16
🇫🇷 Ethiopians · France
1143
-16
nicolas1177
7:00 Loom
9:58 Feudal Age
10:31 Double-Bit Axe
10:28 Horse Collar
16:16 Fletching
22:49 Castle Age
22:06 Scale Barding Armor
22:02 Padded Archer Armor
21:51 Town Watch
21:59 Gold Mining
23:05 Bloodlines
23:42 Bow Saw
23:33 Heavy Plow
23:30 Bodkin Arrow
24:46 Thumb Ring
25:42 Husbandry
26:24 Wheelbarrow
29:29 Gold Shaft Mining
28:50 Stone Mining
31:31 Hand Cart
31:18 Town Patrol
32:12 Leather Archer Armor
34:45 Chain Barding Armor
35:24 Ballistics
34:45 Treadmill Crane
35:19 Scale Mail Armor
36:56 Chain Mail Armor
41:10 Imperial Age
41:19 Murder Holes
41:35 Masonry
41:29 Corvinian Army
42:30 Parthian Tactics
42:29 Conscription
42:46 Bracer
44:01 Two-Man Saw
43:32 Crop Rotation
43:53 Plate Barding Armor
43:49 Ring Archer Armor
44:25 Recurve Bow
47:36 Chemistry
46:42 Siege Engineers
Grospoilu
6:34 Loom
9:37 Feudal Age
24:06 Castle Age
22:32 Double-Bit Axe
22:30 Horse Collar
24:28 Fletching
24:39 Padded Archer Armor
24:25 Crossbowman
25:30 Bodkin Arrow
28:32 Husbandry
29:24 Wheelbarrow
28:35 Town Watch
29:56 Thumb Ring
30:11 Leather Archer Armor
35:25 Scale Mail Armor
35:44 Hand Cart
35:30 Town Patrol
36:00 Squires
36:47 Chain Mail Armor
Connection lost

Rejoining the realm…

Still unreachable

The connection could not be restored.

Session expired

The server has moved on; the page needs a fresh start.